 Dungeon Crawl Stone Soup version 0.28-a0-533-g9f97627e2a (webtiles) character file.

Game seed: 15661690124155692959

21634 olmar the Protected (level 12, -5/142 HPs)
             Began as a Gnoll Warper on Sept 25, 2021.
             Was a Follower of Ru.
             Slain by an ice devil (12 damage)
             ... in an ice cave.
             The game lasted 00:36:48 (13075 turns).

olmar the Protected (Gnoll Warper)                 Turns: 13075, Time: 00:36:49

Health: -5/142     AC: 26    Str: 11 (12) XL:     12   Next: 92%
Magic:  25/25      EV:  2    Int: 12 (14) God:    Ru [*.....]
Gold:   1242       SH:  0    Dex: 20 (23) Spells: 12/29 levels left

rFire   . . .      SeeInvis .   V - +8 lajatang of Doss {vorpal, Dex+3}
rCold   . . .      Faith    .   (shield currently unavailable)
rNeg    + + +      Spirit   .   (armour currently unavailable)
rPois   +          Reflect  .   (helmet currently unavailable)
rElec   .          Harm     .   (cloak currently unavailable)
rCorr   .          Rampage  .   (gloves currently unavailable)
Will    .....      Rage     1%  (boots currently unavailable) Stlth ++++......NoTele +
                                t - amulet of the acrobat
HPRegen 1.33/turn               C - ring of positive energy
MPRegen 0.19/turn               x - +6 ring of dexterity

@: mighty, tree-form, on berserk cooldown, slowed, studying Armour, unable to
read, very slow
A: stationary, stasis, torment immunity, boosted hp, (fangs 1), no earth magic,
no summoning magic, no transmutations magic, strong nose, distributed training,
(hooves 1), (iridescent scales 1), berserk 1, (fire resistance 1), regeneration
1, inability to read while threatened
a: Renounce Religion


You were in an ice cave.
You worshipped Ru.
Ru was aware of your devotion.
You were a tree.
You visited 2 branches of the dungeon, and saw 13 of its levels.
You also visited: Sewer, Bailey and Ice Cave.

You collected 1662 gold pieces.
You spent 420 gold pieces at shops.

Inventory:

Hand Weapons
 B - the +4 mace of Offence {flame, Dex+3}
   (You found it on level 6 of the Dungeon)

   It burns those it strikes, dealing additional fire damage.
   Dex:       It affects your dexterity (+3).
 S - a +2 quarterstaff of chaos
 V - the +8 lajatang of Doss (weapon) {vorpal, Dex+3}
   (You bought it in a shop on level 11 of the Dungeon)

   It inflicts extra damage upon your enemies.
   Dex:       It affects your dexterity (+3).
Missiles
 d - 5 boomerangs of dispersal (quivered)
 n - 7 atropa-tipped darts
 H - 2 curare-tipped darts
 K - 3 javelins
 L - 2 silver boomerangs
Armour
 b - a +0 leather armour
 k - a +0 helmet (melded)
 m - a +2 robe of resistance (melded)
 r - the +5 robe of Misfortune {Contam Harm *Corrode Drain *Slow EV+5}
   (You found it in a bailey)

   EV:        It affects your evasion (+5).
   Contam:    It causes magical contamination when unequipped.
   *Corrode:  It may corrode you when you take damage.
   Drain:     It drains your maximum health when unequipped.
   *Slow:     It may slow you when you take damage.
   Harm:      It increases damage dealt and taken.
 v - +0 acid dragon scales
 y - the +6 scale mail "Mourohuk" {rN+ Regen+ Str-2}
   (You found it on level 5 of the Dungeon)

   Str:       It affects your strength (-2).
   rN:        It protects you from negative energy.
   Regen:     It increases your rate of health regeneration.
 D - the +1 pair of gloves "Roulled Boe" (melded) {Rampage Str-3 Dex+4 SInv}
   (You found it on level 7 of the Dungeon)

   Str:       It affects your strength (-3).
   Dex:       It affects your dexterity (+4).
   SInv:      It lets you see invisible.
   Rampage:   It bestows one free step when moving towards enemies.
 J - +0 swamp dragon scales
 T - a +0 cloak of willpower
 U - a scarf of resistance (melded)
Jewellery
 s - a ring of magical power
 t - an amulet of the acrobat (around neck)
 x - a +6 ring of dexterity (right branch)
 C - a ring of positive energy (left branch)
 W - a ring of fire
 Z - a +4 ring of protection
Wands
 a - a wand of digging (3)
 O - a wand of iceblast (6)
Scrolls
 c - 4 scrolls of blinking
 l - 8 scrolls of identify
 p - a scroll of enchant armour {unknown}
 E - a scroll of fog {unknown}
 F - 3 scrolls of enchant weapon
 G - a scroll of vulnerability
 R - a scroll of torment {unknown}
 X - a scroll of amnesia {unknown}
 Y - a scroll of immolation {unknown}
Potions
 e - a potion of flight
 j - 3 potions of brilliance
 u - a potion of lignification
 z - a potion of magic
 A - a potion of cancellation
 N - 2 potions of berserk rage
Miscellaneous
 P - a condenser vane (inert)


   Skills:
 + Level 9.2 Fighting
 + Level 7.9 Short Blades
 + Level 7.9 Long Blades
 + Level 7.9 Axes
 + Level 9.2 Maces & Flails
 + Level 7.9 Polearms
 + Level 7.9 Staves
 + Level 7.9 Slings
 + Level 7.9 Bows
 + Level 7.9 Crossbows
 + Level 8.4 Throwing
 + Level 9.9 Armour
 + Level 9.2 Dodging
 + Level 7.9 Stealth
 + Level 7.9 Shields
 + Level 7.9 Unarmed Combat
 + Level 9.4 Spellcasting
 + Level 6.6 Conjurations
 + Level 6.6 Hexes
   Level 0.0 Summonings
 + Level 6.6 Necromancy
 + Level 8.6 Translocations
   Level 0.0 Transmutations
 + Level 6.6 Fire Magic
 + Level 6.6 Ice Magic
 + Level 6.6 Air Magic
   Level 0.0 Earth Magic
 + Level 6.6 Poison Magic
 + Level 8.7 Invocations
 + Level 7.9 Evocations


You had 12 spell levels left.
You knew the following spells:

 Your Spells              Type           Power      Damage    Failure   Level
a - Blink                 Tloc           N/A        N/A       1%          2
b - Teleport Other        Tloc           26%        N/A       1%          3
c - Manifold Assault      Tloc           26%        N/A       10%         5
d - Slow                  Hex            21%        N/A       1%          2
e - Confusing Touch       Hex            21%        N/A       2%          3
f - Poisonous Vapours     Pois/Air       42%        N/A       1%          2

Your spell library contained the following spells:

 Spells                   Type           Power      Damage    Failure   Level
 Gell's Gravitas          Tloc           13%        N/A       1%          3
 Lesser Beckoning         Tloc           26%        N/A       1%          3
 Yara's Violent Unravell  Hex/Tmut       Unusable   3d5       N/A         5
 Animate Armour           Summ/Erth      Unusable   N/A       N/A         4
 Lee's Rapid Deconstruct  Erth           Unusable   3d6*      N/A         5
 Iron Shot                Conj/Erth      Unusable   9d2       N/A         6

Dungeon Overview and Level Annotations

Branches:
Dungeon (12/15)            Temple (1/1) D:7            Lair (0/6) D:8
    Orc (0/2) D:12          Sewer (visited)          Bailey (visited)
  IceCv (1/1)

Altars:
Ashenzari
Cheibriados
Dithmenos
Elyvilon
Fedhas
Gozag
Hepliaklqana
Kikubaaqudgha
Makhleb
Nemelex Xobeh
Okawaru
Qazlal
Ru
Sif Muna
Trog
Uskayaw
Vehumet
Wu Jian
Xom
Yredelemnul
Zin
The Shining One

Shops:
D:7 (   D:11 (

Annotations:
D:9 3 runed translucent doors, heikuro's ghost, novice FoFi


Innate Abilities, Weirdness & Mutations

You are a tree.
Your roots penetrate the ground, keeping you stationary.
You cannot be teleported.
You are immune to unholy pain and torment.
Your maximum health is greatly increased.
Your equipment is partially melded.
((You have very sharp teeth.))
You cannot study or cast Earth magic.
You cannot study or cast Summoning magic.
You cannot study or cast Transmutations magic.
Your uncanny sense of smell can sniff out nearby items.
Your experience applies equally to all skills.
((You have large cloven feet.))
((You are partially covered in iridescent scales. (AC +2)))
You tend to lose your temper in combat.
((Your flesh is heat resistant. (rF+)))
Your natural rate of healing is unusually fast.
You sometimes lose the ability to read scrolls when taking damage.


Message History

You hit the ice devil.
The ice devil is severely wounded.
The ice devil hits you but does no damage.
The spriggan simulacrum hits you. The spriggan simulacrum freezes you!
* * * LOW HITPOINT WARNING * * *
Unknown command.
You closely miss the ice devil.
The ice devil is severely wounded.
The ice devil hits you but does no damage.
The spriggan simulacrum hits you.
* * * LOW HITPOINT WARNING * * *
The spriggan simulacrum freezes you!
* * * LOW HITPOINT WARNING * * *
The ice devil hits you.
* * * LOW HITPOINT WARNING * * *
The ice devil freezes you!
* * * LOW HITPOINT WARNING * * *
Unknown command.
Unknown command.
Unknown command.
It was a potion of degeneration.
There was something very wrong with that liquid.
You feel weakened.
You feel dopey.
You feel clumsy.
The spriggan simulacrum hits you but does no damage.
You redirect the ice devil's attack!
The ice devil hits the spriggan simulacrum.
The ice devil freezes the spriggan simulacrum.
The spriggan simulacrum completely resists.
Unknown command.
Unknown command.
Unknown command.
You cannot read scrolls in your current state!
Okay, then.
Okay, then.
You feel very mighty all of a sudden.
The spriggan simulacrum hits you but does no damage.
The ice devil hits you!
* * * LOW HITPOINT WARNING * * *
The ice devil freezes you!
You die...

##.... #......
....... ####
∆....... ##..##
##.......
##....######........
#.......##..........
#..∩∩.....4.......⌠.
#........♣Z.........
##....##..##........
##..########.......
#### ∆.......
....... #......
##.... ###


You could see an ice devil and a spriggan simulacrum.

Vanquished Creatures
  An ice dragon (D:12)
  3 two-headed ogres
  An orc high priest (Bailey)
  Sonja (D:11)
  An orc knight (Bailey)
  4 ugly things
  A manticore (D:10)
  A cyclops (D:11)
  Joseph (D:7)
  A kobold demonologist (Bailey)
  Maggie (D:8)
  A komodo dragon (D:8)
  3 ice devils (IceCv)
  2 polar bears (D:12)
  4 trolls
  Prince Ribbit (D:5)
  A hornet (D:9)
  A shadow (D:11)
  3 wyverns
  20 yaks
  A wraith (D:11)
  3 steam dragons
  A vampire mosquito (D:10)
  A water moccasin (Sewer)
  3 acid dragons (D:10)
  18 orc warriors
  2 black bears
  An ice beast (D:6)
  A sky beast (D:6)
  3 necrophages
  3 ogres
  3 wolves (D:12)
  2 phantoms
  8 centaurs
  3 kobold brigands
  A bullfrog (D:7)
  4 gnoll sergeants
  2 scorpions
  A wyvern skeleton (D:5)
  10 killer bees
  4 electric eels (Bailey)
  3 howler monkeys
  2 bullfrog zombies
  5 centaur zombies
  A centaur skeleton (D:4)
  A jelly (D:7)
  3 orc priests
  A gnoll shaman (D:6)
  3 hounds
  Crazy Yiuf (D:5)
  Jessica (D:2)
  3 iguanas
  9 orc wizards
  A troll simulacrum (IceCv)
  A hound skeleton (D:4)
  Robin (D:4)
  A howler monkey zombie (D:7)
  21 gnolls
  6 adders
  A shadow imp (D:8)
  2 ufetubi (IceCv)
  4 dart slugs
  36 orcs
  12 ball pythons
  3 endoplasms
  6 giant cockroaches
  27 goblins
  13 hobgoblins
  6 jackals
  20 kobolds
  6 quokkas
  9 bats
  3 rats
339 creatures vanquished.

Vanquished Creatures (collateral kills)
  An orc wizard (D:9)
  A gnoll (D:9)
2 creatures vanquished.

Vanquished Creatures (others)
  21 plants
21 creatures vanquished.

Grand Total: 362 creatures vanquished

Notes
Turn   | Place    | Note
-------+----------+-------------------------------------------
     0 | D:1      | olmar the Gnoll Warper began the quest for the Orb.
     0 | D:1      | Reached XP level 1. HP: 20/20 MP: 6/6
   264 | D:1      | Reached XP level 2. HP: 26/26 MP: 7/7
   744 | D:2      | Noticed Jessica
   753 | D:2      | Killed Jessica
   754 | D:2      | Reached skill level 5 in Spellcasting
   754 | D:2      | Reached skill level 1 in Invocations
   754 | D:2      | Reached XP level 3. HP: 23/31 MP: 7/9
   904 | D:2      | Reached skill level 1 in Short Blades
   904 | D:2      | Reached skill level 1 in Long Blades
   904 | D:2      | Reached skill level 1 in Axes
   904 | D:2      | Reached skill level 1 in Polearms
   904 | D:2      | Reached skill level 1 in Staves
   904 | D:2      | Reached skill level 1 in Slings
   904 | D:2      | Reached skill level 1 in Bows
   904 | D:2      | Reached skill level 1 in Crossbows
   904 | D:2      | Reached skill level 1 in Stealth
   904 | D:2      | Reached skill level 1 in Shields
   904 | D:2      | Reached skill level 1 in Unarmed Combat
   904 | D:2      | Reached skill level 1 in Evocations
   934 | D:2      | Reached XP level 4. HP: 38/38 MP: 11/11
  1573 | D:3      | Found a glowing silver altar of Zin.
  1616 | D:3      | Found a glowing drain.
  1629 | D:3      | Reached skill level 1 in Conjurations
  1629 | D:3      | Reached skill level 1 in Hexes
  1629 | D:3      | Reached skill level 1 in Summonings
  1629 | D:3      | Reached skill level 1 in Necromancy
  1629 | D:3      | Reached skill level 1 in Transmutations
  1629 | D:3      | Reached skill level 1 in Fire Magic
  1629 | D:3      | Reached skill level 1 in Ice Magic
  1629 | D:3      | Reached skill level 1 in Air Magic
  1629 | D:3      | Reached skill level 1 in Earth Magic
  1629 | D:3      | Reached skill level 1 in Poison Magic
  1644 | D:3      | Reached XP level 5. HP: 6/46 MP: 12/14
  1645 | D:3      | HP: 2/46 [quokka (4)]
  1668 | Sewer    | Entered a sewer
  1676 | Sewer    | Reached skill level 5 in Throwing
  1676 | Sewer    | Reached skill level 5 in Armour
  1785 | Sewer    | Noticed a water moccasin
  1791 | Sewer    | Learned a level 2 spell: Blink
  1795 | Sewer    | Learned a level 3 spell: Teleport Other
  1822 | Sewer    | Gained mutation: You have large cloven feet. [potion of
                  | mutation]
  1822 | Sewer    | Gained mutation: Your flesh is heat resistant. (rF+)
                  | [potion of mutation]
  1822 | Sewer    | Gained mutation: You are partially covered in iridescent
                  | scales. (AC +2) [potion of mutation]
  1822 | Sewer    | Gained mutation: Your natural rate of healing is unusually
                  | fast. [potion of mutation]
  1826 | Sewer    | Killed a water moccasin
  1827 | Sewer    | Reached XP level 6. HP: 9/52 MP: 15/15
  2073 | D:3      | Found a faded altar of an unknown god.
  2073 | D:3      | Noticed an Executioner
  2280 | D:4      | Noticed an orc warrior
  2317 | D:3      | Killed an orc warrior
  2318 | D:3      | Reached XP level 7. HP: 54/59 MP: 15/17
  2396 | D:3      | Learned a level 5 spell: Manifold Assault
  2448 | D:4      | Found a burning altar of Makhleb.
  2711 | D:4      | Noticed Robin
  2723 | D:4      | Killed Robin
  2897 | D:4      | Found a basalt altar of Yredelemnul.
  2999 | D:5      | Entered Level 5 of the Dungeon
  3009 | D:5      | Reached skill level 5 in Invocations
  3054 | D:5      | Reached XP level 8. HP: 65/65 MP: 18/18
  3073 | D:5      | Noticed Prince Ribbit
  3083 | D:5      | Killed Prince Ribbit
  3303 | D:5      | Identified the +6 scale mail "Mourohuk" {rN+ Regen+ Str-2}
  3340 | D:5      | Found a runed translucent door.
  3341 | D:5      | Noticed Crazy Yiuf
  3991 | D:6      | Reached skill level 5 in Short Blades
  3991 | D:6      | Reached skill level 5 in Long Blades
  3991 | D:6      | Reached skill level 5 in Axes
  3991 | D:6      | Reached skill level 5 in Polearms
  3991 | D:6      | Reached skill level 5 in Staves
  3991 | D:6      | Reached skill level 5 in Slings
  3991 | D:6      | Reached skill level 5 in Bows
  3991 | D:6      | Reached skill level 5 in Crossbows
  3991 | D:6      | Reached skill level 5 in Stealth
  3991 | D:6      | Reached skill level 5 in Shields
  3991 | D:6      | Reached skill level 5 in Unarmed Combat
  3991 | D:6      | Reached skill level 5 in Evocations
  3993 | D:6      | Reached XP level 9. HP: 65/71 MP: 19/19
  4253 | D:6      | Identified the +4 mace of Offence {flame, Dex+3}
  4679 | D:7      | Noticed Joseph
  4695 | D:7      | Killed Joseph
  4912 | D:7      | Found Isoylel's Weapon Emporium.
  4927 | D:7      | Identified the +1 pair of gloves "Roulled Boe" {Rampage
                  | Str-3 Dex+4 SInv}
  4960 | D:7      | Reached XP level 10. HP: 70/79 MP: 21/21
  5523 | D:7      | Found an ancient bone altar of Kikubaaqudgha.
  5590 | D:7      | Found a staircase to the Ecumenical Temple.
  5599 | Temple   | Entered the Ecumenical Temple
  5663 | Temple   | Became a worshipper of Ru the Awakened
  5815 | D:8      | Found a flagged portal.
  5823 | Bailey   | Entered a bailey
  5971 | Bailey   | Found an iron altar of Okawaru.
  5971 | Bailey   | Noticed a kobold demonologist
  5973 | Bailey   | Noticed an orc high priest
  5976 | Bailey   | Noticed an orange demon
  5978 | Bailey   | Noticed a smoke demon
  6020 | Bailey   | Gained mutation: You have hidden genetic defects.
                  | [mutagenic glow]
  6141 | Bailey   | Killed a kobold demonologist
  6254 | Bailey   | Found the +5 robe of Misfortune {Contam Harm *Corrode Drain
                  | *Slow EV+5}
  6484 | Bailey   | Gained mutation: You sometimes lose the ability to read
                  | scrolls when taking damage. [hidden defects]
  6534 | Bailey   | Killed an orc high priest
  6535 | Bailey   | Reached skill level 5 in Conjurations
  6535 | Bailey   | Reached skill level 5 in Hexes
  6535 | Bailey   | Reached skill level 5 in Summonings
  6535 | Bailey   | Reached skill level 5 in Necromancy
  6535 | Bailey   | Reached skill level 5 in Transmutations
  6535 | Bailey   | Reached skill level 5 in Fire Magic
  6535 | Bailey   | Reached skill level 5 in Ice Magic
  6535 | Bailey   | Reached skill level 5 in Air Magic
  6535 | Bailey   | Reached skill level 5 in Earth Magic
  6535 | Bailey   | Reached skill level 5 in Poison Magic
  6807 | Bailey   | Gained mutation: You tend to lose your temper in combat.
                  | [hidden defects]
  6807 | Bailey   | Lost mutation: You have hidden genetic defects. [hidden
                  | defects expressed]
  6932 | Bailey   | Noticed an orc knight
  6962 | Bailey   | Killed an orc knight
  7459 | D:8      | Gained mutation: You cannot study or cast Earth magic. [Ru
                  | sacrifice]
  7459 | D:8      | Gained mutation: You cannot study or cast Transmutations
                  | magic. [Ru sacrifice]
  7459 | D:8      | Gained mutation: You cannot study or cast Summoning magic.
                  | [Ru sacrifice]
  7459 | D:8      | Reached * piety under Ru
  7511 | D:8      | Reached XP level 11. HP: 77/86 MP: 23/23
  7526 | D:8      | Found a staircase to the Lair.
  7596 | D:8      | Noticed Maggie
  7621 | D:8      | Killed Maggie
  7930 | D:8      | Learned a level 2 spell: Slow
  7977 | D:9      | Noticed a white ugly thing
  8038 | D:9      | Killed a white ugly thing
  8088 | D:9      | Found a runed translucent gate.
  8088 | D:9      | Found a runed translucent gate.
  8089 | D:9      | Found a runed translucent gate.
  8120 | D:9      | Noticed heikuro's ghost (novice FoFi)
  8196 | D:9      | Noticed a brown ugly thing
  8210 | D:9      | Noticed a two-headed ogre
  8237 | D:9      | Killed a two-headed ogre
  8845 | D:9      | Killed a purple ugly thing
  8939 | D:9      | Got the Incunabulum of Air and Stones
  9011 | D:10     | Entered Level 10 of the Dungeon
  9441 | D:10     | Found a hide-covered altar of Uskayaw.
  9506 | D:10     | Noticed a manticore
  9519 | D:10     | Killed a manticore
  9776 | D:5      | Learned a level 3 spell: Confusing Touch
  9781 | D:5      | Killed Crazy Yiuf
  9976 | D:10     | Found a radiant altar of Vehumet.
 10147 | D:10     | Noticed a brown ugly thing
 10232 | D:11     | Acquired 946 gold pieces
 10242 | D:11     | Learned a level 2 spell: Poisonous Vapours
 10268 | D:11     | Killed a brown ugly thing
 10554 | D:10     | Reached XP level 12. HP: 76/94 MP: 24/24
 10857 | D:10     | Found a bloodstained altar of Trog.
 10857 | D:10     | Found an iron altar of Okawaru.
 11111 | D:11     | Found Otufuic's Antique Weapon Boutique.
 11137 | D:11     | Bought a twisted lajatang for 420 gold pieces
 11137 | D:11     | Identified the +8 lajatang of Doss {vorpal, Dex+3} (You
                  | bought it in a shop on level 11 of the Dungeon)
 11314 | D:11     | Noticed Sonja
 11588 | D:11     | Killed Sonja
 12774 | D:12     | Noticed a two-headed ogre
 12774 | D:12     | Noticed a two-headed ogre
 12778 | D:12     | Killed a two-headed ogre
 12795 | D:12     | Killed a two-headed ogre
 12832 | D:12     | Found a frozen archway.
 12833 | D:12     | Noticed an ice dragon
 12844 | D:12     | Killed an ice dragon
 12887 | IceCv    | Entered an ice cave
 13075 | IceCv    | HP: 7/142 [ice devil (10)]
 13075 | IceCv    | Slain by an ice devil

Illustrated notes

Levels and vault maps discovered:
D:1:      dpeg_arrival_lava_temple_mockup, layout_basic
D:2:      layout_basic, minmay_split_cup_small, uniq_jessica
D:3:      layout_basic, zin_academy, dreamdust_ecumenical_altar_sealed_demon,
          portal_sewer_entry_f, minmay_misc_feat_hallway, palyth_stone_intersect
D:4:      layout_cave_pools, old_standard_altar,
          mainiacjoe_overflow_six_doors_small, uniq_robin
D:5:      layout_basic, uniq_prince_ribbit1, uniq_crazy_yiuf_cottage
D:6:      layout_loops_ring
D:7:      minmay_chambers_of_fours, layout_basic,
          mainiacjoe_overflow_surrounded_room, lemuel_temple_firewalk_b,
          serial_shops, shop_fountains, uniq_joseph
D:8:      layout_gridville, david_lair_shrubbed, enter_bailey_2,
          hangedman_abyss_or_decor_jellyfish_corner, uniq_maggie
D:9:      minmay_evil_eye, layout_rooms, gammafunk_ghost_spectres
D:10:     layout_basic, mainiacjoe_overflow_cross_hatched, kennysheep_mini,
          grunt_temple_overflow_bloody_war, kennysheep_kite_vault
D:11:     layout_layer_cave, serial_shops, nicolae_lakefront_shop, minivault_11,
          uniq_sonja
D:12:     layout_long_grid, zombieorc1_lemuel,
          portal_ice_cave_entry_animals_and_master
Temple:   nicolae_temple_great_sept
IceCv:    ice_cave_tombish

Skill      XL: |  1  2  3  4  5  6  7  8  9 10 11 12 |
---------------+-------------------------------------+-----
Spellcasting   | 5 6 7 8 9 |  9.4
Invocations    | 1 4 5 6 7 8 |  8.7
Short Blades   | 1 4 5 6 7 |  7.9
Long Blades    | 1 4 5 6 7 |  7.9
Axes           | 1 4 5 6 7 |  7.9
Polearms       | 1 4 5 6 7 |  7.9
Staves         | 1 4 5 6 7 |  7.9
Slings         | 1 4 5 6 7 |  7.9
Bows           | 1 4 5 6 7 |  7.9
Crossbows      | 1 4 5 6 7 |  7.9
Stealth        | 1 4 5 6 7 |  7.9
Shields        | 1 4 5 6 7 |  7.9
Unarmed Combat | 1 4 5 6 7 |  7.9
Evocations     | 1 4 5 6 7 |  7.9
Conjurations   | 3 4 5 6 |  6.6
Hexes          | 3 4 5 6 |  6.6
Summonings     | 3 4 0 |  0.0
Necromancy     | 3 4 5 6 |  6.6
Transmutations | 3 4 0 |  0.0
Fire Magic     | 3 4 5 6 |  6.6
Ice Magic      | 3 4 5 6 |  6.6
Air Magic      | 3 4 5 6 |  6.6
Earth Magic    | 3 4 0 |  0.0
Poison Magic   | 3 4 5 6 |  6.6
Fighting       | 6 7 8 9 |  9.2
Maces & Flails | 6 7 8 9 |  9.2
Throwing       | 4 5 6 7 8 |  8.4
Armour         | 4 5 6 7 8 9 |  9.9
Dodging        | 6 7 8 9 |  9.2
Translocations | 6 7 8 |  8.6

Action                   |  1- 3 |  4- 6 |  7- 9 | 10-12 || total
-------------------------+-------+-------+-------+-------++-------
Melee: Mace              |    56 |    84 |       |   403 ||   543
       Bite              |     2 |     9 |    39 |   100 ||   150
       Punch             |       |     2 |     3 |    19 ||    24
       Dagger            |       |    75 |    82 |       ||   157
       Kick              |       |     6 |    69 |   279 ||   354
       Whip              |       |       |   242 |    61 ||   303
       Quarterstaff      |       |       |       |   127 ||   127
       Lajatang          |       |       |       |   155 ||   155
Throw: Dart              |       |     4 |     1 |    30 ||    35
       Javelin           |       |     1 |    18 |    24 ||    43
       Boomerang         |       |       |       |    66 ||    66
 Cast: Blink             |       |     2 |       |    21 ||    23
       Manifold Assault  |       |       |       |    28 ||    28
       Confusing Touch   |       |       |       |     8 ||     8
       Slow              |       |       |       |     3 ||     3
       Poisonous Vapours |       |       |       |    13 ||    13
Invok: Sacrifice Arcana  |       |       |       |     1 ||     1
       Reject Sacrifices |       |       |       |     1 ||     1
Evoke: Wand              |       |       |     8 |    36 ||    44
       Condenser vane    |       |       |       |     2 ||     2
  Use: Potion            |       |     6 |     1 |    15 ||    22
       Scroll            |       |     1 |       |    15 ||    16
 Stab: Sleeping          |       |     3 |     9 |    18 ||    30
       Distracted        |       |       |     1 |     5 ||     6
       Paralysed         |       |       |       |    22 ||    22
       Invisible         |       |       |       |     4 ||     4
       Confused          |       |       |       |     5 ||     5
Armor: Leather armour    |    10 |       |       |       ||    10
       Robe              |     1 |    85 |    75 |   141 ||   302
       Skin              |       |       |       |     8 ||     8
Dodge: Dodged            |    38 |   182 |   248 |   704 ||  1172

Table legend: (Time is in decaauts)
 A = Elapsed time spent in this place.
 B = Non-inter-level travel time spent in this place.
 C = Inter-level travel time spent in this place.
 D = Time resting spent in this place.
 E = Time spent auto-exploring this place.
 F = Levels seen in this place.
 G = Mean time per level.
                   A        B        C        D        E       F      G
               +--------+--------+--------+--------+--------+-----+--------+
         Total |  13059 |  12269 |    790 |   1491 |   7677 |  16 |  816.2 |
       Dungeon |  11207 |  10442 |    765 |    795 |   7238 |  12 |  933.9 |
        Temple |     74 |     49 |     25 |      0 |     29 |   1 |   74.0 |
         Sewer |    254 |    254 |      0 |     44 |    136 |   1 |  254.0 |
        Bailey |   1330 |   1330 |      0 |    516 |    274 |   1 | 1330.0 |
      Ice Cave |    192 |    192 |      0 |    136 |      0 |   1 |  192.0 |
               +--------+--------+--------+--------+--------+-----+--------+

Top non-repeatable levels by time:
    D:10: 1748 daAuts
    D:11: 1744 daAuts
  Bailey: 1330 daAuts
     D:7: 1140 daAuts
     D:9: 1109 daAuts
     D:8: 930 daAuts
     D:5: 882 daAuts
     D:6: 793 daAuts
     D:2: 752 daAuts
     D:1: 750 daAuts
     D:3: 640 daAuts
     D:4: 592 daAuts
   Sewer: 254 daAuts
   IceCv: 192 daAuts
    D:12: 123 daAuts
